Cogmind - Beta 9.4 @@@ ROGUE MODE // 2020.02.14 @ 09:16:03 Player: Hamilcar Result: Destroyed by D-53 Grenadier with Mini Grenade Launcher Performance ------------- Evolutions (0) 0 Regions Visited (2) 400 Robots Destroyed (15) 75 Value Destroyed (339) 339 Prototype IDs (0) 0 Alien Tech Used (0) 0 Bonus (0) 0 TOTAL SCORE: 814 Bonus ------- None Cogmind --------- Core Integrity 0/250 Matter 285/300 Energy 86/100 System Corruption 0% Temperature Cool (0) Movement Core (100) Ox1 Location -10/Mines Parts ------- > --- POWER (1) -------- (None) > --- PROPULSION (2) --- (None) > --- UTILITY (2) ------ Signal Interpreter > --- WEAPON (2) ------- Assault Cannon > --- INVENTORY (4) ---- Light Ion Engine Aluminum Leg Hover Unit Medium Laser Peak State ------------ > --- POWER ------------ Ion Engine > --- PROPULSION ------- Aluminum Leg Aluminum Leg > --- UTILITY ---------- Small Storage Unit Improved Terrain Scanner > --- WEAPON ----------- EM Pulse Gun Medium Laser > --- INVENTORY -------- Light Ion Engine Wheel Compact Wheel Medium Laser [Rating: 8] Favorites ----------- Power Ion Engine Engine Ion Engine Propulsion Aluminum Leg Leg Aluminum Leg Hover Unit Hover Unit Flight Unit Cesium-ion Thruster Utility Small Storage Unit Device Improved Terrain Scanner Storage Small Storage Unit Processor Signal Interpreter Weapon EM Pulse Gun Energy Gun EM Pulse Gun Ballistic Cannon Assault Cannon Launcher Grenade Launcher Build | -11 -10 -10 ------- Run | Scr Mat Min Slots Evolved . | . . . Power . | . . . Propulsion . | . . . Utility . | . . . Weapon . | . . . Parts Attached 19 | 8 9 2 Power 2 | 1 1 . Engine 2 | 1 1 . Core . | . . . Reactor . | . . . Propulsion 5 | 2 2 1 Treads . | . . . Leg 2 | 2 . . Wheel . | . . . Hover 2 | . 2 . Flight 1 | . . 1 Utility 5 | 2 3 . Device 3 | 1 2 . Storage 1 | 1 . . Processor 1 | . 1 . Hackware . | . . . Protection . | . . . Artifact . | . . . Weapon 7 | 3 3 1 Energy Gun 4 | 3 1 . Energy Cannon . | . . . Ballistic Gun . | . . . Ballistic Cannon 1 | . . 1 Launcher 2 | . 2 . Special Weapon . | . . . Impact Weapon . | . . . Slashing Weapon . | . . . Piercing Weapon . | . . . Special Melee Weapon . | . . . Unidentified Prototypes . | . . . Parts Lost 8 | . 1 7 Power 1 | . . 1 Propulsion 3 | . . 3 Utility 2 | . 1 1 Weapon 2 | . . 2 Highest Loss Streak 7 | . 1 7 Average Slot Usage (%) 93 | . 97 71 Engine 13 | . 13 11 Leg 21 | . 24 . Hover 6 | . 3 22 Device 12 | . 12 11 Storage 7 | . 9 . Processor 5 | . 4 14 Energy Gun 20 | . 23 2 Launcher 5 | . 4 8 Naked Turns . | . . . Heaviest Build 15 | 14 15 11 Greatest Support 20 | 20 20 12 Greatest Overweight (x) 1 | . . 1 Average Overweight (x) . | . . . Largest Inventory Capacity 6 | 6 6 4 Average Capacity 5 | 5 5 4 Most Carried 6 | 5 6 4 Average Carried 4 | 2 5 4 Final Capacity 6 | 6 4 4 Final Carried 5 | 5 4 4 Class Distribution -------------------- 100% | Mutant Dominant Class ---------------- Mutant | -10/Materials Mutant | -10/Mines Resources | -11 -10 -10 ----------- Run | Scr Mat Min Matter Collected 460 | 275 133 52 Remotely . | . . . Salvage Created 475 | 81 369 25 Parts 31 | 6 25 . Haulers Intercepted . | . . . Recyclers Shooed . | . . . Parts Field Recycled . | . . . Retrieved Matter . | . . . Parts Self-Destructed . | . . . Prevented . | . . . Kills | -11 -10 -10 ------- Run | Scr Mat Min Combat Hostiles Destroyed 9 | . 9 . Guns 4 | . 4 . AOE 5 | . 5 . Classes Destroyed 6 | 2 4 . Worker 1 | . 1 . Tunneler 1 | 1 . . Recycler 2 | 1 1 . Watcher 2 | . 2 . Swarmer 3 | . 3 . Grunt 6 | . 6 . Best Kill Streak 5 | 2 5 . Combat Bots Only 3 | . 3 . Max Kills in Single Turn 3 | 1 3 . Gunslinging . | . . . Exploded 2 | . 2 . Melee . | . . . Uniques/NPCs Destroyed . | . . . Combat | -11 -10 -10 -------- Run | Scr Mat Min Damage Taken 727 | 4 295 428 Core 268 | 4 45 219 Absorbed by Shields . | . . . Core Remaining (%) 98 | 98 . . Volleys Fired 32 | 3 24 5 Largest 2 | 2 2 2 Hottest 90 | 90 90 70 Shots Fired 52 | 6 40 6 Gun 41 | 6 33 2 Cannon . | . . . Launcher 11 | . 7 4 Special . | . . . Kinetic . | . . . Thermal 12 | 3 9 . Explosive 11 | . 7 4 Electromagnetic 29 | 3 24 2 Robot Hit Streak 7 | 4 7 1 Robot Miss Streak 3 | . 2 3 Penetration Max . | . . . Secondary Targets . | . . . Shots Hit Robots 31 | 4 26 1 Core Hits 39 | 3 23 13 Critical Hits . | . . . Critical Kills . | . . . Critical Parts Destroyed . | . . . Melee Attacks . | . . . Impact . | . . . Slashing . | . . . Piercing . | . . . Sneak Attacks . | . . . Combat Hostiles . | . . . Follow-up Attacks . | . . . Damage Inflicted 1162 | 103 847 212 Guns 358 | 56 302 . Cannons . | . . . Explosions 796 | 39 545 212 Melee . | . . . Ramming 8 | 8 . . Kinetic . | . . . Thermal 103 | 52 51 . Explosive 757 | . 545 212 Electromagnetic 294 | 43 251 . Impact . | . . . Slashing . | . . . Piercing . | . . . Highest Corruption . | . . . Average Corruption . | . . . Corruption Purged . | . . . Overload Shots . | . . . Overflow Damage 62 | . 33 29 Projectiles . | . . . Explosions 62 | . 33 29 Melee . | . . . Knockbacks . | . . . Impact . | . . . Kinetic . | . . . Secondary . | . . . Self-Inflicted Damage 59 | 4 24 31 Shots 3 | . 2 1 Rammed 1 | 1 . . Targets Rammed 1 | 1 . . Kicked . | . . . Crushed . | . . . Highest Temperature 210 | 90 210 49 Average Temperature 48 | 48 50 26 Received Heat Transfer 151 | . 111 40 Siege Activations . | . . . Robots Corrupted . | . . . Combat Hostiles . | . . . Parts Fried . | . . . Impact Corruptions . | . . . Robots Melted . | . . . Combat Hostiles . | . . . Parts Melted . | . . . Heat Transferred 235 | 87 148 . Parts Sabotaged . | . . . Parts Stolen . | . . . Parts Stripped . | . . . Power Chain Reactions 1 | 1 . . Missiles Intercepted . | . . . Alert | -11 -10 -10 ------- Run | Scr Mat Min Peak Influence 320 | 10 320 139 Average Influence 101 | 3 134 114 Maximum Alert Level 1 | . 1 . Low Security (%) 84 | 100 76 100 Level 1 15 | . 23 . Level 2 . | . . . Level 3 . | . . . Level 4 . | . . . Level 5 . | . . . High Security . | . . . Max Security . | . . . Squads Dispatched 2 | . 1 1 Investigation 1 | . . 1 Extermination . | . . . Reinforcement 1 | . 1 . Assault . | . . . Garrison . | . . . Intercept . | . . . Construction Impeded . | . . . Haulers Reinforced . | . . . Stealth | -11 -10 -10 --------- Run | Scr Mat Min Distress Signals 2 | . 2 . Communications Jammed . | . . . Distress Signals . | . . . Times Spotted 19 | . 15 4 Peak Tracking Total 7 | . 7 2 Tactical Retreats 2 | . 2 . Traps | -11 -10 -10 ------- Run | Scr Mat Min Traps Triggered . | . . . Indirectly . | . . . Trap Hack Attempts . | . . . Triggered . | . . . Disarmed . | . . . Reprogrammed . | . . . Reused . | . . . Traps Extracted . | . . . Installed . | . . . Triggered . | . . . Machines | -11 -10 -10 ---------- Run | Scr Mat Min Machines Disabled 4 | . 4 . Max in Single Turn 1 | . 1 . Machines Sabotaged . | . . . Garrisons Compromised . | . . . Overloaded Fab Kills . | . . . Fab Network Shutdowns . | . . . Hacking | -11 -10 -10 --------- Run | Scr Mat Min Machines Accessed 1 | . . 1 Terminals . | . . . Fabricators . | . . . Repair Stations . | . . . Recycling Units . | . . . Scanalyzers . | . . . Garrison Access . | . . . Total Hacks 1 | . . 1 Successful 1 | . . 1 Failed . | . . . Catastrophic . | . . . Database Lockouts . | . . . Manual . | . . . Terminals . | . . . Fabricators . | . . . Repair Stations . | . . . Recycling Units . | . . . Scanalyzers . | . . . Garrison Access . | . . . Terminal Hacks 1 | . . 1 Open Door 1 | . . 1 Fabricator Hacks . | . . . Repair Station Hacks . | . . . Recycling Unit Hacks . | . . . Scanalyzer . | . . . Garrison Access Hacks . | . . . Unauthorized Hacks . | . . . Terminals . | . . . Fabricators . | . . . Repair Stations . | . . . Recycling Units . | . . . Scanalyzers . | . . . Garrison Access . | . . . Data Cores Recovered . | . . . Used . | . . . Hacking Detections . | . . . Full Trace Events . | . . . Feedback Events . | . . . Feedback Blocked . | . . . Robot Schematics Acquired . | . . . Robots Built . | . . . Matter . | . . . Time . | . . . Total Robot Build Rating . | . . . Part Schematics Acquired . | . . . Parts Built . | . . . Matter . | . . . Time . | . . . Total Part Build Rating . | . . . Parts Repaired . | . . . Time . | . . . Parts Recycled . | . . . Recycled Matter . | . . . Retrieved Matter . | . . . Retrieved Components . | . . . Parts Scanalyzed . | . . . Part Schematics Acquired . | . . . Parts Damaged . | . . . Bothacking | -11 -10 -10 ------------ Run | Scr Mat Min Used RIF Installer . | . . . Robots Hacked . | . . . Non-combat . | . . . Combat . | . . . Robot Hacks Applied . | . . . Relay Couplers Released . | . . . Robots Rewired . | . . . Allies Hacked . | . . . Hacks Repelled . | . . . Allies | -11 -10 -10 -------- Run | Scr Mat Min Total Allies . | . . . Largest Group . | . . . Highest-Rated Group . | . . . Highest-Rated Ally . | . . . Total Orders . | . . . Ally Attacks . | . . . Total Damage . | . . . Kills . | . . . Allies Corrupted . | . . . Allies Melted . | . . . Intel | -11 -10 -10 ------- Run | Scr Mat Min Robot Analysis Total . | . . . Derelict Logs Recovered . | . . . Drone Launches . | . . . Drone Recoveries . | . . . Exploration | -11 -10 -10 ------------- Run | Scr Mat Min Turns Passed 466 | 107 304 55 Spaces Moved 337 | 67 202 68 Core 22 | 8 . 14 Treads . | . . . Legs 211 | 59 152 . Wheels . | . . . Hover 102 | . 50 52 Flight 2 | . . 2 Fastest Speed 40 | 50 56 40 Average Speed 95 | 111 104 55 Slowest Speed 120 | 120 120 100 Overloaded Moves . | . . . Propulsion Burnouts . | . . . Robots Hopped . | . . . Cave-ins Triggered 1 | . . 1 Exploration Rate (%) 19 | 5 40 14 Regions Visited 2 Branch Regions 1 Pre-discovered Areas . | . . . Known Exits Taken 1 | . 1 . Unknown Exits Taken 1 | 1 . . Scrap Searched 2 | . . 2 Spaces Dug . | . . . Terrain Destroyed 57 | 3 20 34 Melee . | . . . Projectile . | . . . AOE 57 | 3 20 34 Actions | -11 -10 -10 --------- Run | Scr Mat Min Total 422 | 89 255 78 Wait 14 | 6 8 . Move 335 | 66 201 68 Hop . | . . . Pick Up 9 | 4 4 1 Fast Attach 15 | 8 5 2 Attach . | . . . Detach 1 | 1 . . Swap 4 | . 4 . Drop 10 | . 9 1 Fire 32 | 3 24 5 Melee . | . . . Ram . | . . . Kick 1 | 1 . . Crush . | . . . Escape Stasis . | . . . Rewire 1 | . . 1 Trap . | . . . Miscellaneous . | . . . Route ------- -11/Scrapyard -10/Materials -10/Mines History --------- Turn | Location | Event 14 | -11/Scrapyard | Discovered new exit (range 15) 108 | -11/Scrapyard | Entered Materials 331 | -10/Materials | Build established: Mutant 403 | -10/Materials | Discovered new exit (range 13) 412 | -10/Materials | Identified exit to Mines 412 | -10/Materials | Entered Mines 413 | -10/Mines | Assembled infested the area 457 | -10/Mines | Met a Derelict shopkeep closing up shop 463 | -10/Mines | Core integrity fell below 50% 466 | -10/Mines | Crushed by falling debris 466 | -10/Mines | Core integrity fell below 20% 467 | -10/Mines | Destroyed by D-53 Grenadier with Mini Grenade Launcher Last Messages --------------- >>Open Door Sealed Doors opened. 00457_ GK-DEV(g): "Sorry, the Unaware have moved into these parts and I'm closing up shop. No more sales from me!" 00458_ U-05 Engineer builds a Wall. 00459_ ALERT: Derelict activity detected in mines. Dispatching investigation squad. 00459_ SHOP.Sys disabled. 00459_ Machine disabled. 00460_ The unstable cave ceiling collapses. 00460_ Acquired Cesium-ion Thruster. 00461_ GK-DEV(g): "You've got to be kidding me! I'm outta here..." 00462_ GK-DEV(g) destroyed. 00462_ Cesium-ion Thruster destroyed. 00463_ The unstable cave ceiling collapses. 00463_ U-05 Engineer builds a Wall. 00464_ Acquired Assault Cannon. 00466_ The unstable cave ceiling collapses. 00466_ Crushed by falling debris. 00467_ The unstable cave ceiling collapses. Map ----- +----------------------------------------------------+ | ???????????????????????????????????????????????? | | ???????????????????????????????????????????????? | | ???????????????????????????????????????????????? | | ???????????????????????????????????????????????? | | ???????????????????????????????????????????????? | | ???????????????????????????????????????????????? | | ???????????????????????????????????????????????? | | ???????????????????????????????????????????????? | | ?????????????????????????????????????##????????? | | ????????????????????????????????????? ????????? | | ????????????????????????????????????? #????????? | | ????????????????????????????????????? #????????? | | ????????????????????????????????????? #????????? | | ????????????????????????????????????? #????????? | | ????????????????????????????????????? ##???????? | | ???????????????????????????????????## ##??????? | | ?????????????????????????????????###" #??????? | | ????????????????????????????????## % %#??????? | | ???????????????????????????????## % #???????? | | ???????????????????????????????# #???????? | | ??????????????????#########?#### ##???????? | | ?????????????????## # ## # ## #????????? | | ?????????????????# # ## #????????? | | ?????????????????# ! ###????????? | | ?????????????????# ! ##?????????? | | ?????????????????# @ #?????????? | | ?????????????????# ! d #?????????? | | ?????????????????## d a# #?????????? | | ??????????????????#" r #####????? | | ??????????????????# ## # k# ## ##???? | | ??????????????????### ### ### # # ### #???? | | ????????????????????###??##?##### ## / ##### | | ???????????????????????????## "% !%= | | ??????????????????????# ### " ######### | | ??????????????????? $ ##???????? | | ??????????????????? ##????????? | | ??????????????????? #####?????????? | | ?????????????????????## ##??????????????? | | ??????????????????????#########????????????????? | | ???????????????????????????????????????????????? | | | | | | | | | | | | | | | | | | | | | +----------------------------------------------------+ Best States ------------- Heat Dissipation 25 Energy Generation 10 Energy Capacity 250 Matter Stores 300 Matter Capacity 300 Sight Range 16 Robot Scan Range 13 Terrain Scan Range 16 Terrain Scan Density 10 Evasion (%) 53 Item Schematics ----------------- None Robot Schematics ------------------ None Fabricated ------------ Nothing Alien Tech Used ----------------- None Achievements -------------- None Challenges ------------ None Game ------ Seed BombTitaniumCompactor Manual? 0 Play Time 00:09:41 Cumulative 41.9 hours Start 2020.02.14 @ 09:07:57 End 2020.02.14 @ 09:16:03 Sessions 1 Manual Loads 0 Difficulty Rogue Special Mode None Game No. 34 Rogue 34 Adventurer 0 Explorer 0 Win Type - Total 0 Types 0/0/0/0/0/0/0 Lore% 18 Gallery% 27 Achievement% 16 Wizard Run 0 Options --------- ASCII 0 Keyboard 1 Movement Vi Keybinds 0 Fullscreen 1 Font 18/SmallcapsGlow Map View 76x50 Tactical HUD 1 Map Filters NONE Filters NONE Steam 1 RUN: 66365bf1-730e-428f-be3d-bc0b1357ef2c